Penguins vs Flyers

Created - April 4, 2015 at 10:15

Goals
1 2 3 OT1 SO T
Penguins 2 1 0 0 2 4
Flyers 1 2 0 0 0 3
Shots
1 2 3 OT1 SO T
Penguins 16 8 18 0 3 42
Flyers 7 8 3 3 2 21

1st period

1. Penguins , Tomas Hertl 11 (Victor Hedman, David Perron) at 1:55 (PP)
2. Penguins , David Perron 27 (Ed Jovanovski, Brandon Saad) at 3:37
3. Flyers , Mike Ribeiro 19 (Kyle Brodziak, Ryan Ellis) at 17:03

Penalties :
Aaron Ness (PHI) for Tripping (Minor) at 0:25, Mike Ribeiro (PHI) for Holding (Minor) at 11:34, Joel Ward (PHI) for Interference (Minor) at 15:37, Ryan Suter (PIT) for Tripping (Minor) at 15:37

2nd period

4. Flyers , Ryan Ellis 10 (Joel Ward, Mike Ribeiro) at 6:46 (PP)
5. Penguins , Ryan Getzlaf 38 (Ondrej Palat, Mark Giordano) at 7:38
6. Flyers , Tom Gilbert 11 (Dany Heatley) at 8:28

Penalties :
Victor Hedman (PIT) for Interference (Minor) at 3:31, Ed Jovanovski (PIT) for Hooking (Minor) at 5:40, Kyle Brodziak (PHI) for Tripping (Minor) at 19:07

3rd period

No Goal

Penalties :
Dan Boyle (PHI) for High sticking (Minor) at 4:27, Mark Fistric (PHI) for Hooking (Minor) at 18:31

Overtime #1

No Goal

Penalties :
No Penalty

Shootout

Penalty Shot by Jeff Carter for Penguins - Goal!
Penalty Shot by Mike Ribeiro for Flyers - Stopped by Marc-Andre Fleury
Penalty Shot by David Perron for Penguins - Shot Misses the Net
Penalty Shot by Kyle Brodziak for Flyers - Stopped by Marc-Andre Fleury
Penalty Shot by John Tavares for Penguins - Goal!

Penalties :
No Penalty

Goalie Stats

Marc-Andre Fleury (PIT), 18 saves from 21 shots - (0.857), W, 40-17-5, 65:00 minutes
Craig Anderson (PHI), 39 saves from 42 shots - (0.929), OTL, 17-13-2, 65:00 minutes

Players Stats for Penguins

Player Name              G  A  P  +/- PIM S  H  SB GA TA FO     MP     PP MP  PK MP  
------------------------------------------------------------------------------------
Brandon Saad             0  1  1   0  0   0  0  0  0  0  0/0    17:26   0:00   1:34 
David Perron             1  1  2   0  0   4  4  0  0  0  2/2    17:33   3:40   0:00 
Ed Jovanovski            0  1  1   0  2   1  2  1  0  0  0/0    13:05   0:00   0:20 
Jeff Carter              0  0  0   1  0   2  2  0  0  0  4/4    22:55   5:15   0:00 
John Tavares             0  0  0   0  0   2  0  1  0  0  8/24   20:43   3:40   0:00 
John-Michael Liles       0  0  0   1  0   0  0  0  0  0  0/0    12:53   0:00   0:04 
Luke Glendening          0  0  0   0  0   0  2  0  0  0  2/5     7:29   0:00   1:52 
Mark Arcobello           0  0  0   0  0   0  2  0  0  0  3/7     5:31   0:00   0:00 
Mark Giordano            0  1  1   0  0   9  2  1  0  0  0/0    29:09   5:27   1:52 
Ondrej Palat             0  1  1   0  0   4  0  0  0  0  1/1    25:14   5:15   1:31 
Pierre-Alexandr Parentea 0  0  0   0  0   2  0  1  0  0  0/0    11:03   0:00   0:00 
Ryan Getzlaf             1  0  1   0  0   7  1  0  0  0  13/27  25:45   5:15   1:13 
Ryan Suter               0  0  0   1  2   2  0  0  0  0  0/0    28:04   5:27   1:43 
Stephane Robidas         0  0  0  -1  0   1  4  2  0  0  0/0    24:15   3:28   1:39 
Teemu Selanne            0  0  0   0  0   1  0  0  0  0  0/0     5:31   0:00   0:00 
Tomas Hertl              1  0  1   0  0   3  0  0  0  0  1/2    14:43   3:40   0:00 
Victor Hedman            0  1  1  -1  2   1  2  0  0  0  0/0    22:31   3:28   0:32 
Vladimir Sobotka         0  0  0   0  0   3  4  0  0  0  5/10   11:03   0:00   0:00 

Players Stats for Flyers

Player Name              G  A  P  +/- PIM S  H  SB GA TA FO     MP     PP MP  PK MP  
------------------------------------------------------------------------------------
Aaron Ness               0  0  0  -1  2   0  0  0  0  0  0/0    17:08   0:00   1:39 
Brian Gibbons            0  0  0   1  0   1  0  0  0  0  4/10   11:25   0:00   0:06 
Carlo Colaiacovo         0  0  0  -1  0   0  1  2  0  0  0/0    20:19   0:00   4:49 
Damien Brunner           0  0  0   0  0   0  1  0  0  0  0/2    16:12   0:00   0:52 
Dan Boyle                0  0  0  -1  2   1  2  2  0  0  0/0    28:39   1:09   3:36 
Daniel Sedin             0  0  0  -2  0   1  1  0  0  0  4/8    25:59   1:34   2:35 
Dany Heatley             0  1  1   1  0   0  0  0  0  0  0/0    11:19   0:00   0:00 
Gabriel Bourque          0  0  0   0  0   1  0  0  0  0  0/0     6:01   0:00   0:00 
Joel Ward                0  1  1  -2  2   2  1  1  0  0  0/0    21:45   1:34   6:51 
Kyle Brodziak            0  1  1   1  2   1  1  0  0  0  14/27  25:30   1:31   4:40 
Mark Fistric             0  0  0   1  2   0  0  0  0  0  0/0    19:29   1:56   4:08 
Mike Ribeiro             1  1  2  -1  2   2  4  0  0  0  13/24  20:44   1:34   1:28 
Mike Santorelli          0  0  0   0  0   4  0  0  0  0  1/1    16:51   1:31   0:00 
Nathan Gerbe             0  0  0   1  0   1  1  0  0  0  1/3    13:08   0:00   1:49 
Olli Jokinen             0  0  0   0  0   5  0  0  0  0  6/7     9:38   1:31   0:00 
Philip Larsen            0  0  0   0  0   0  0  0  0  0  0/0     0:00   0:00   0:00 
Ryan Ellis               1  1  2   0  0   1  3  2  0  0  0/0    23:49   1:09   0:00 
Tom Gilbert              1  0  1   2  0   1  0  1  0  0  0/0    20:33   1:56   4:40 

3 Stars

1 - David Perron (PIT)
2 - Ryan Ellis (PHI)
3 - Tom Gilbert (PHI)

Power Play

Penguins - 1 on 5 Attempt(s) - 20.00%
Flyers - 1 on 2 Attempt(s) - 50.00%

Penalty Kill

Penguins - 1 on 2 Attempt(s) - 50.00% - Score 0 goal in Penalty Kill
Flyers - 4 on 5 Attempt(s) - 80.00% - Score 0 goal in Penalty Kill

Team Stat

Penguins - Hits : 25 - Faceoff Wins : 39 - Blocked Shots : 6 - Penalty Minutes : 6
Flyers - Hits : 15 - Faceoff Wins : 43 - Blocked Shots : 8 - Penalty Minutes : 12

Official

Referees : Darcy Burchell and Trent Knorr
Linesman : Matt MacPherson and Thor Nelson

Game Notes

No Game Note

Finance

Level 1 -- Attendance: 6491 (99.86%) -- Ticket Income $649,100
Level 2 -- Attendance: 4801 (96.02%) -- Ticket Income $336,070
Level 3 -- Attendance: 3500 (100.00%) -- Ticket Income $140,000
Level 4 -- Attendance: 2959 (83.66%) -- Ticket Income $65,098
Luxury Box -- Attendance: 1000 (100.00%) -- Ticket Income $200,000
Game was played at the Wells Fargo Center'
Total Attendance: 18751 (95.98%)
Total Ticket Income: $1,390,268
Other Income: $208,540
Total Income: $1,598,808

% Time on Ice - Penguins

Lines # - Real PCT - Wanted PCT - Time Play
Normal Forward
1 - 34% - 35% - 15:34
2 - 30% - 30% - 13:53
3 - 24% - 25% - 11:03
4 - 12% - 10% - 5:31
Normal Defense
1 - 40% - 40% - 18:23
2 - 32% - 30% - 14:49
3 - 26% - 25% - 12:02
4 - 2% - 5% - 0:47
PP Forward
1 - 59% - 55% - 5:15
2 - 41% - 45% - 3:40
PP Defense
1 - 61% - 75% - 5:27
2 - 39% - 25% - 3:28
PK Forward
1 - 61% - 55% - 1:52
2 - 39% - 45% - 1:13
PK Defense
1 - 40% - 70% - 1:14
2 - 60% - 30% - 1:51
PK3 Forward
1 - 0% - 55%
2 - 0% - 45%
PK3 Defense
1 - 0% - 55%
2 - 0% - 45%
44 Forward
1 - 55% - 55% - 3:49
2 - 45% - 45% - 3:10
44 Defense
1 - 49% - 55% - 3:27
2 - 51% - 45% - 3:32
Last Minute Offensive  - 0:00
Last Minute Defensive  - 0:00
Total
Forward - 65:00
Defense - 65:00

% Time on Ice - Flyers

Lines # - Real PCT - Wanted PCT - Time Play
Normal Forward
1 - 29% - 40% - 13:21
2 - 33% - 35% - 15:20
3 - 13% - 20% - 6:01
4 - 25% - 5% - 11:19
Normal Defense
1 - 43% - 45% - 19:37
2 - 34% - 30% - 15:30
3 - 22% - 15% - 10:01
4 - 2% - 10% - 0:53
PP Forward
1 - 51% - 60% - 1:34
2 - 49% - 40% - 1:31
PP Defense
1 - 37% - 60% - 1:09
2 - 63% - 40% - 1:56
PK Forward
1 - 77% - 60% - 6:51
2 - 23% - 40% - 2:04
PK Defense
1 - 51% - 60% - 4:32
2 - 49% - 40% - 4:23
PK3 Forward
1 - 100% - 60% - 0:31
2 - 0% - 40% - 0:00
PK3 Defense
1 - 55% - 60% - 0:17
2 - 45% - 40% - 0:14
44 Forward
1 - 68% - 60% - 4:22
2 - 32% - 40% - 2:06
44 Defense
1 - 47% - 60% - 3:03
2 - 53% - 40% - 3:25
Last Minute Offensive  - 0:00
Last Minute Defensive  - 0:00
Total
Forward - 65:00
Defense - 65:00

Play by Play

1st period


0:01 of 1st period - Mike Ribeiro wins face-off versus Ryan Getzlaf in neutral zone.
0:04 of 1st period - Ryan Suter is hit by Mike Ribeiro.
0:10 of 1st period - Shot by Ondrej Palat.
0:10 of 1st period - Stopped by Craig Anderson without a rebound.
0:11 of 1st period - Kyle Brodziak wins face-off versus John Tavares in Flyers zone.
0:25 of 1st period - Minor Penalty to Aaron Ness for Tripping.
0:26 of 1st period - Kyle Brodziak wins face-off versus Ryan Getzlaf in Flyers zone.
0:26 of 1st period - Kyle Brodziak is hit by Jeff Carter.
0:36 of 1st period - Kyle Brodziak is hit by Ryan Getzlaf and loses puck.
1:55 of 1st period - Shot by Tomas Hertl.
1:55 of 1st period - Goal by Tomas Hertl - Penguins : 1 - Flyers : 0.
1:56 of 1st period - Brian Gibbons wins face-off versus Mark Arcobello in neutral zone.
2:25 of 1st period - Shot by Mark Arcobello.
2:25 of 1st period - Deflect By Teemu Selanne.
2:25 of 1st period - Stopped by Craig Anderson without a rebound.
2:26 of 1st period - Ryan Getzlaf wins face-off versus Olli Jokinen in Flyers zone.
2:26 of 1st period - Ryan Getzlaf is hit by Dan Boyle.
2:55 of 1st period - Jeff Carter is hit by Ryan Ellis and loses puck.
3:10 of 1st period - Shot by Ondrej Palat.
3:10 of 1st period - Stopped by Craig Anderson without a rebound.
3:11 of 1st period - Kyle Brodziak wins face-off versus Vladimir Sobotka in Flyers zone.
3:11 of 1st period - Kyle Brodziak is hit by Vladimir Sobotka.
3:29 of 1st period - Shot by Tomas Hertl.
3:29 of 1st period - Stopped by Craig Anderson without a rebound.
3:30 of 1st period - John Tavares wins face-off versus Mike Ribeiro in Flyers zone.
3:31 of 1st period - Shot by Brandon Saad.
3:31 of 1st period - Shot Blocked by Carlo Colaiacovo.
3:33 of 1st period - Shot by Ed Jovanovski.
3:33 of 1st period - Stopped by Craig Anderson with a rebound.
3:37 of 1st period - Shot by David Perron.
3:37 of 1st period - Goal by David Perron - Penguins : 2 - Flyers : 0.
3:38 of 1st period - John Tavares wins face-off versus Kyle Brodziak in neutral zone.
3:53 of 1st period - Shot by Mike Santorelli.
3:53 of 1st period - Stopped by Marc-Andre Fleury without a rebound.
3:54 of 1st period - Vladimir Sobotka wins face-off versus Mike Ribeiro in Penguins zone.
3:54 of 1st period - Ryan Suter is hit by Joel Ward and loses puck.
4:05 of 1st period - Shot by Mike Ribeiro.
4:05 of 1st period - Stopped by Marc-Andre Fleury without a rebound.
4:06 of 1st period - John Tavares wins face-off versus Kyle Brodziak in Penguins zone.
4:29 of 1st period - Shot by David Perron.
4:29 of 1st period - Shot Misses the Net.
4:31 of 1st period - Shot by Stephane Robidas.
4:31 of 1st period - Stopped by Craig Anderson without a rebound.
4:32 of 1st period - Mike Ribeiro wins face-off versus Ryan Getzlaf in Flyers zone.
4:47 of 1st period - Shot by Joel Ward.
4:47 of 1st period - Shot Misses the Net.
5:03 of 1st period - Shot by Ryan Getzlaf.
5:03 of 1st period - Stopped by Craig Anderson with a rebound.
5:34 of 1st period - John-Michael Liles is hit by Mike Ribeiro and loses puck.
6:21 of 1st period - Shot by Damien Brunner.
6:21 of 1st period - Shot Blocked by Pierre-Alexandr Parenteau.
6:38 of 1st period - Tom Gilbert is hit by Stephane Robidas and loses puck.
6:45 of 1st period - Shot by Nathan Gerbe.
6:45 of 1st period - Shot Blocked by John Tavares.
7:02 of 1st period - Brian Gibbons is hit by Stephane Robidas.
8:10 of 1st period - Shot by Damien Brunner.
8:10 of 1st period - Shot Misses the Net.
8:22 of 1st period - Shot by Mark Giordano.
8:22 of 1st period - Stopped by Craig Anderson without a rebound.
8:23 of 1st period - Mark Arcobello wins face-off versus Brian Gibbons in Flyers zone.
8:24 of 1st period - Shot by Mark Giordano.
8:24 of 1st period - Stopped by Craig Anderson without a rebound.
8:25 of 1st period - Brian Gibbons wins face-off versus Mark Arcobello in Flyers zone.
8:25 of 1st period - Brian Gibbons is hit by Mark Arcobello.
8:56 of 1st period - Tom Gilbert is hit by Luke Glendening and loses puck.
9:54 of 1st period - Shot by Ondrej Palat.
9:54 of 1st period - Stopped by Craig Anderson without a rebound.
9:55 of 1st period - Tomas Hertl wins face-off versus Kyle Brodziak in Flyers zone.
10:37 of 1st period - Dan Boyle is hit by Vladimir Sobotka and loses puck.
11:04 of 1st period - Icing by Tom Gilbert.
11:05 of 1st period - David Perron wins face-off versus Daniel Sedin in Flyers zone.
11:11 of 1st period - Icing by Tom Gilbert.
11:12 of 1st period - Olli Jokinen wins face-off versus Ryan Getzlaf in Flyers zone.
11:17 of 1st period - Shot by Tom Gilbert.
11:17 of 1st period - Shot Misses the Net.
11:19 of 1st period - Shot by Daniel Sedin.
11:19 of 1st period - Deflect By Olli Jokinen.
11:19 of 1st period - Shot Misses the Net.
11:21 of 1st period - Shot by Gabriel Bourque.
11:21 of 1st period - Stopped by Marc-Andre Fleury without a rebound.
11:22 of 1st period - Ryan Getzlaf wins face-off versus Mike Ribeiro in Penguins zone.
11:34 of 1st period - Minor Penalty to Mike Ribeiro for Holding.
11:35 of 1st period - Kyle Brodziak wins face-off versus John Tavares in Flyers zone.
11:44 of 1st period - Shot by Ryan Suter.
11:44 of 1st period - Shot Blocked by Dan Boyle.
11:46 of 1st period - Shot by John Tavares.
11:46 of 1st period - Shot Misses the Net.
11:48 of 1st period - Shot by Ryan Suter.
11:48 of 1st period - Stopped by Craig Anderson without a rebound.
11:49 of 1st period - Ryan Getzlaf wins face-off versus Kyle Brodziak in Flyers zone.
13:05 of 1st period - Shot by David Perron.
13:05 of 1st period - Stopped by Craig Anderson without a rebound.
13:06 of 1st period - Daniel Sedin wins face-off versus John Tavares in Flyers zone.
13:18 of 1st period - Icing by Stephane Robidas.
13:19 of 1st period - John Tavares wins face-off versus Kyle Brodziak in Penguins zone.
14:02 of 1st period - Shot by Olli Jokinen.
14:02 of 1st period - Stopped by Marc-Andre Fleury with a rebound.
14:06 of 1st period - Shot by Daniel Sedin.
14:06 of 1st period - Shot Blocked by Ed Jovanovski.
14:34 of 1st period - Off-side.
14:35 of 1st period - Ryan Getzlaf wins face-off versus Kyle Brodziak in neutral zone.
15:37 of 1st period - Minor Penalty to Joel Ward for Interference.
15:37 of 1st period - Minor Penalty to Ryan Suter for Tripping.
15:38 of 1st period - Kyle Brodziak wins face-off versus John Tavares in Penguins zone.
15:47 of 1st period - Shot by John Tavares.
15:47 of 1st period - Shot Misses the Net.
16:41 of 1st period - Off-side.
16:42 of 1st period - Kyle Brodziak wins face-off versus Ryan Getzlaf in neutral zone.
17:03 of 1st period - Shot by Mike Ribeiro.
17:03 of 1st period - Goal by Mike Ribeiro - Penguins : 2 - Flyers : 1.
17:04 of 1st period - Ryan Getzlaf wins face-off versus Daniel Sedin in neutral zone.
17:25 of 1st period - Shot by Ryan Getzlaf.
17:25 of 1st period - Stopped by Craig Anderson without a rebound.
17:26 of 1st period - Kyle Brodziak wins face-off versus John Tavares in Flyers zone.
17:53 of 1st period - Shot by Vladimir Sobotka.
17:53 of 1st period - Stopped by Craig Anderson without a rebound.
17:54 of 1st period - Olli Jokinen wins face-off versus John Tavares in Flyers zone.
18:03 of 1st period - Shot by Olli Jokinen.
18:03 of 1st period - Stopped by Marc-Andre Fleury without a rebound.
18:04 of 1st period - Olli Jokinen wins face-off versus John Tavares in Penguins zone.
18:17 of 1st period - Shot by Olli Jokinen.
18:17 of 1st period - Stopped by Marc-Andre Fleury with a rebound.
18:24 of 1st period - David Perron is hit by Dan Boyle and loses puck.
18:42 of 1st period - John Tavares is hit by Ryan Ellis and loses puck.
18:45 of 1st period - Shot by David Perron.
18:45 of 1st period - Shot Misses the Net.
18:47 of 1st period - Shot by John-Michael Liles.
18:47 of 1st period - Shot Misses the Net.
Goals for this period are 2 for Penguins vs 1 for Flyers.
Shots for this period are 16 for Penguins vs 7 for Flyers.

2nd period


0:01 of 2nd period - Mike Ribeiro wins face-off versus John Tavares in neutral zone.
0:45 of 2nd period - Shot by Mike Ribeiro.
0:45 of 2nd period - Shot Misses the Net.
1:00 of 2nd period - Icing by Ryan Ellis.
1:01 of 2nd period - Ryan Getzlaf wins face-off versus Mike Ribeiro in Flyers zone.
2:48 of 2nd period - Shot by Vladimir Sobotka.
2:48 of 2nd period - Stopped by Craig Anderson without a rebound.
2:49 of 2nd period - Olli Jokinen wins face-off versus John Tavares in Flyers zone.
2:49 of 2nd period - Olli Jokinen is hit by David Perron.
2:59 of 2nd period - Shot by Daniel Sedin.
2:59 of 2nd period - Shot Blocked by Stephane Robidas.
3:25 of 2nd period - Ryan Ellis is hit by Stephane Robidas and loses puck.
3:31 of 2nd period - Minor Penalty to Victor Hedman for Interference.
3:32 of 2nd period - Mike Ribeiro wins face-off versus Luke Glendening in Penguins zone.
4:20 of 2nd period - Shot by Ryan Getzlaf.
4:20 of 2nd period - Stopped by Craig Anderson without a rebound.
4:21 of 2nd period - Ondrej Palat wins face-off versus Kyle Brodziak in Flyers zone.
4:44 of 2nd period - Shot by Dan Boyle.
4:44 of 2nd period - Stopped by Marc-Andre Fleury without a rebound.
4:45 of 2nd period - Kyle Brodziak wins face-off versus Luke Glendening in Penguins zone.
5:01 of 2nd period - Shot by Tom Gilbert.
5:01 of 2nd period - Shot Misses the Net.
5:03 of 2nd period - Shot by Mike Santorelli.
5:03 of 2nd period - Stopped by Marc-Andre Fleury without a rebound.
5:04 of 2nd period - Luke Glendening wins face-off versus Mike Ribeiro in Penguins zone.
5:13 of 2nd period - Stephane Robidas is hit by Mike Ribeiro and loses puck.
5:35 of 2nd period - Brian Gibbons is hit by Ed Jovanovski.
5:40 of 2nd period - Minor Penalty to Ed Jovanovski for Hooking.
5:41 of 2nd period - Kyle Brodziak wins face-off versus Luke Glendening in Penguins zone.
6:11 of 2nd period - Kyle Brodziak is hit by Mark Giordano and loses puck.
6:40 of 2nd period - Shot by Ryan Ellis.
6:40 of 2nd period - Shot Misses the Net.
6:42 of 2nd period - Shot by Joel Ward.
6:42 of 2nd period - Shot Misses the Net.
6:44 of 2nd period - Shot by Joel Ward.
6:44 of 2nd period - Stopped by Marc-Andre Fleury with a rebound.
6:46 of 2nd period - Shot by Ryan Ellis.
6:46 of 2nd period - Goal by Ryan Ellis - Penguins : 2 - Flyers : 2.
6:47 of 2nd period - Vladimir Sobotka wins face-off versus Brian Gibbons in neutral zone.
7:04 of 2nd period - Shot by Brian Gibbons.
7:04 of 2nd period - Stopped by Marc-Andre Fleury without a rebound.
7:05 of 2nd period - Ryan Getzlaf wins face-off versus Mike Ribeiro in Penguins zone.
7:38 of 2nd period - Shot by Ryan Getzlaf.
7:38 of 2nd period - Goal by Ryan Getzlaf - Penguins : 3 - Flyers : 2.
7:39 of 2nd period - Kyle Brodziak wins face-off versus John Tavares in neutral zone.
7:43 of 2nd period - Aaron Ness is hit by Stephane Robidas and loses puck.
7:53 of 2nd period - Icing by Victor Hedman.
7:54 of 2nd period - John Tavares wins face-off versus Brian Gibbons in Penguins zone.
8:05 of 2nd period - Tom Gilbert is hit by Victor Hedman and loses puck.
8:28 of 2nd period - Shot by Tom Gilbert.
8:28 of 2nd period - Goal by Tom Gilbert - Penguins : 3 - Flyers : 3.
8:29 of 2nd period - Mike Ribeiro wins face-off versus Vladimir Sobotka in neutral zone.
9:09 of 2nd period - Shot by Ryan Suter.
9:09 of 2nd period - Deflect By Pierre-Alexandr Parenteau.
9:09 of 2nd period - Shot Misses the Net.
9:59 of 2nd period - Shot by Mike Santorelli.
9:59 of 2nd period - Stopped by Marc-Andre Fleury without a rebound.
10:00 of 2nd period - Brian Gibbons wins face-off versus John Tavares in Penguins zone.
10:17 of 2nd period - Shot by David Perron.
10:17 of 2nd period - Stopped by Craig Anderson with a rebound.
10:25 of 2nd period - Shot by Dany Heatley.
10:25 of 2nd period - Shot Blocked by Stephane Robidas.
10:42 of 2nd period - Nathan Gerbe is hit by Victor Hedman and loses puck.
10:52 of 2nd period - Off-side.
10:53 of 2nd period - Mike Ribeiro wins face-off versus Ryan Getzlaf in neutral zone.
12:23 of 2nd period - Shot by Pierre-Alexandr Parenteau.
12:23 of 2nd period - Stopped by Craig Anderson without a rebound.
12:24 of 2nd period - John Tavares wins face-off versus Brian Gibbons in Flyers zone.
12:31 of 2nd period - Shot by John Tavares.
12:31 of 2nd period - Shot Misses the Net.
12:45 of 2nd period - Shot by John Tavares.
12:45 of 2nd period - Shot Misses the Net.
12:47 of 2nd period - Shot by Stephane Robidas.
12:47 of 2nd period - Shot Misses the Net.
12:49 of 2nd period - Shot by John Tavares.
12:49 of 2nd period - Deflect By David Perron.
12:49 of 2nd period - Shot Misses the Net.
12:53 of 2nd period - Shot by John Tavares.
12:53 of 2nd period - Stopped by Craig Anderson without a rebound.
12:54 of 2nd period - Mike Ribeiro wins face-off versus Mark Arcobello in Flyers zone.
12:54 of 2nd period - Mike Ribeiro is hit by Luke Glendening.
13:10 of 2nd period - Shot by Joel Ward.
13:10 of 2nd period - Stopped by Marc-Andre Fleury without a rebound.
13:11 of 2nd period - Mike Santorelli wins face-off versus Ryan Getzlaf in Penguins zone.
13:11 of 2nd period - Dan Boyle is hit by Ed Jovanovski and loses puck.
13:41 of 2nd period - Shot by Ryan Getzlaf.
13:41 of 2nd period - Shot Misses the Net.
13:43 of 2nd period - Shot by Ondrej Palat.
13:43 of 2nd period - Shot Blocked by Dan Boyle.
13:55 of 2nd period - Shot by Ryan Getzlaf.
13:55 of 2nd period - Shot Misses the Net.
14:05 of 2nd period - Ryan Suter is hit by Kyle Brodziak and loses puck.
16:25 of 2nd period - Shot by Ryan Getzlaf.
16:25 of 2nd period - Stopped by Craig Anderson without a rebound.
16:26 of 2nd period - Olli Jokinen wins face-off versus Vladimir Sobotka in Flyers zone.
16:47 of 2nd period - Shot by Vladimir Sobotka.
16:47 of 2nd period - Stopped by Craig Anderson without a rebound.
16:48 of 2nd period - Mike Ribeiro wins face-off versus Ryan Getzlaf in Flyers zone.
17:18 of 2nd period - Shot by Joel Ward.
17:18 of 2nd period - Shot Misses the Net.
17:20 of 2nd period - Shot by Daniel Sedin.
17:20 of 2nd period - Shot Misses the Net.
17:41 of 2nd period - Nathan Gerbe is hit by Vladimir Sobotka and loses puck.
18:50 of 2nd period - John Tavares is hit by Ryan Ellis.
19:07 of 2nd period - Minor Penalty to Kyle Brodziak for Tripping.
19:08 of 2nd period - Jeff Carter wins face-off versus Damien Brunner in Flyers zone.
19:44 of 2nd period - Icing by Ondrej Palat.
19:45 of 2nd period - Ryan Getzlaf wins face-off versus Damien Brunner in Penguins zone.
Goals for this period are 1 for Penguins vs 2 for Flyers.
Shots for this period are 8 for Penguins vs 8 for Flyers.

3rd period


0:01 of 3rd period - Ryan Getzlaf wins face-off versus Nathan Gerbe in neutral zone.
0:15 of 3rd period - Shot by Mark Giordano.
0:15 of 3rd period - Stopped by Craig Anderson without a rebound.
0:16 of 3rd period - Nathan Gerbe wins face-off versus John Tavares in Flyers zone.
0:16 of 3rd period - Nathan Gerbe is hit by David Perron.
0:39 of 3rd period - Shot by John Tavares.
0:39 of 3rd period - Shot Misses the Net.
0:41 of 3rd period - Shot by Ryan Suter.
0:41 of 3rd period - Stopped by Craig Anderson without a rebound.
0:42 of 3rd period - Jeff Carter wins face-off versus Nathan Gerbe in Flyers zone.
0:48 of 3rd period - Shot by Stephane Robidas.
0:48 of 3rd period - Shot Blocked by Carlo Colaiacovo.
0:50 of 3rd period - Shot by Victor Hedman.
0:50 of 3rd period - Shot Misses the Net.
1:15 of 3rd period - Icing by Ryan Ellis.
1:16 of 3rd period - David Perron wins face-off versus Kyle Brodziak in Flyers zone.
1:27 of 3rd period - Shot by Mark Giordano.
1:27 of 3rd period - Stopped by Craig Anderson with a rebound.
2:40 of 3rd period - Shot by Ondrej Palat.
2:40 of 3rd period - Stopped by Craig Anderson without a rebound.
2:41 of 3rd period - Vladimir Sobotka wins face-off versus Brian Gibbons in Flyers zone.
2:53 of 3rd period - Off-side.
2:54 of 3rd period - Mark Arcobello wins face-off versus Mike Ribeiro in neutral zone.
3:20 of 3rd period - Icing by Victor Hedman.
3:21 of 3rd period - Mark Arcobello wins face-off versus Kyle Brodziak in Penguins zone.
3:21 of 3rd period - Mark Arcobello is hit by Damien Brunner.
3:45 of 3rd period - Shot by Damien Brunner.
3:45 of 3rd period - Shot Misses the Net.
3:53 of 3rd period - Carlo Colaiacovo is hit by Mark Arcobello and loses puck.
4:17 of 3rd period - Off-side.
4:18 of 3rd period - Mike Ribeiro wins face-off versus Ryan Getzlaf in neutral zone.
4:27 of 3rd period - Minor Penalty to Dan Boyle for High sticking.
4:28 of 3rd period - Kyle Brodziak wins face-off versus Ryan Getzlaf in Flyers zone.
4:39 of 3rd period - Shot by Joel Ward.
4:39 of 3rd period - Shot Blocked by Mark Giordano.
5:13 of 3rd period - Shot by Ryan Getzlaf.
5:13 of 3rd period - Stopped by Craig Anderson without a rebound.
5:14 of 3rd period - Daniel Sedin wins face-off versus John Tavares in Flyers zone.
5:14 of 3rd period - Mark Fistric is hit by David Perron and loses puck.
5:19 of 3rd period - Shot by Victor Hedman.
5:19 of 3rd period - Stopped by Craig Anderson without a rebound.
5:20 of 3rd period - John Tavares wins face-off versus Kyle Brodziak in Flyers zone.
5:37 of 3rd period - Shot by David Perron.
5:37 of 3rd period - Shot Blocked by Joel Ward.
5:39 of 3rd period - Shot by Mark Giordano.
5:39 of 3rd period - Deflect By Tomas Hertl.
5:39 of 3rd period - Shot Misses the Net.
5:41 of 3rd period - Shot by John Tavares.
5:41 of 3rd period - Shot Misses the Net.
5:43 of 3rd period - Shot by Mark Giordano.
5:43 of 3rd period - Stopped by Craig Anderson with a rebound.
5:51 of 3rd period - Shot by Mark Giordano.
5:51 of 3rd period - Stopped by Craig Anderson without a rebound.
5:52 of 3rd period - Daniel Sedin wins face-off versus Ryan Getzlaf in Flyers zone.
5:58 of 3rd period - Icing by Ryan Getzlaf.
5:59 of 3rd period - Ryan Getzlaf wins face-off versus Kyle Brodziak in Penguins zone.
6:06 of 3rd period - Mark Fistric is hit by Jeff Carter and loses puck.
6:41 of 3rd period - Shot by Vladimir Sobotka.
6:41 of 3rd period - Shot Misses the Net.
6:43 of 3rd period - Shot by Tomas Hertl.
6:43 of 3rd period - Stopped by Craig Anderson without a rebound.
6:44 of 3rd period - Olli Jokinen wins face-off versus John Tavares in Flyers zone.
6:53 of 3rd period - Shot by Olli Jokinen.
6:53 of 3rd period - Stopped by Marc-Andre Fleury with a rebound.
7:01 of 3rd period - Shot by David Perron.
7:01 of 3rd period - Stopped by Craig Anderson without a rebound.
7:02 of 3rd period - Jeff Carter wins face-off versus Mike Ribeiro in Flyers zone.
8:02 of 3rd period - Icing by Joel Ward.
8:03 of 3rd period - Mike Ribeiro wins face-off versus John Tavares in Flyers zone.
10:22 of 3rd period - Shot by Nathan Gerbe.
10:22 of 3rd period - Stopped by Marc-Andre Fleury without a rebound.
10:23 of 3rd period - Mike Ribeiro wins face-off versus Mark Arcobello in Penguins zone.
11:49 of 3rd period - Shot by John Tavares.
11:49 of 3rd period - Shot Blocked by Tom Gilbert.
11:51 of 3rd period - Shot by John-Michael Liles.
11:51 of 3rd period - Shot Hit the Post.
12:33 of 3rd period - Shot by Jeff Carter.
12:33 of 3rd period - Stopped by Craig Anderson without a rebound.
12:34 of 3rd period - Kyle Brodziak wins face-off versus Tomas Hertl in Flyers zone.
12:34 of 3rd period - Kyle Brodziak is hit by Vladimir Sobotka.
12:49 of 3rd period - Mike Santorelli is hit by Mark Giordano and loses puck.
13:06 of 3rd period - Shot by Pierre-Alexandr Parenteau.
13:06 of 3rd period - Shot Misses the Net.
13:08 of 3rd period - Shot by Mark Giordano.
13:08 of 3rd period - Stopped by Craig Anderson without a rebound.
13:09 of 3rd period - Mike Ribeiro wins face-off versus Ryan Getzlaf in Flyers zone.
14:31 of 3rd period - Off-side.
14:32 of 3rd period - Brian Gibbons wins face-off versus Vladimir Sobotka in neutral zone.
15:38 of 3rd period - Shot by Mike Santorelli.
15:38 of 3rd period - Stopped by Marc-Andre Fleury without a rebound.
15:39 of 3rd period - Ryan Getzlaf wins face-off versus Mike Ribeiro in Penguins zone.
16:04 of 3rd period - Shot by Ryan Getzlaf.
16:04 of 3rd period - Deflect By Jeff Carter.
16:04 of 3rd period - Stopped by Craig Anderson without a rebound.
16:05 of 3rd period - Kyle Brodziak wins face-off versus John Tavares in Flyers zone.
16:05 of 3rd period - Dan Boyle is hit by David Perron and loses puck.
16:12 of 3rd period - Shot by Mark Giordano.
16:12 of 3rd period - Stopped by Craig Anderson with a rebound.
16:14 of 3rd period - Shot by David Perron.
16:14 of 3rd period - Shot Blocked by Ryan Ellis.
16:38 of 3rd period - Shot by John Tavares.
16:38 of 3rd period - Stopped by Craig Anderson with a rebound.
16:40 of 3rd period - Shot by John Tavares.
16:40 of 3rd period - Shot Blocked by Ryan Ellis.
17:18 of 3rd period - Shot by Ryan Getzlaf.
17:18 of 3rd period - Stopped by Craig Anderson without a rebound.
17:19 of 3rd period - Mike Ribeiro wins face-off versus Vladimir Sobotka in Flyers zone.
17:21 of 3rd period - Icing by Joel Ward.
17:22 of 3rd period - Vladimir Sobotka wins face-off versus Mike Ribeiro in Flyers zone.
17:33 of 3rd period - Icing by Carlo Colaiacovo.
17:34 of 3rd period - Ryan Getzlaf wins face-off versus Mike Ribeiro in Flyers zone.
17:34 of 3rd period - Ryan Suter is hit by Carlo Colaiacovo and loses puck.
17:43 of 3rd period - Mark Giordano is hit by Mike Ribeiro and loses puck.
18:01 of 3rd period - Off-side.
18:02 of 3rd period - Vladimir Sobotka wins face-off versus Brian Gibbons in neutral zone.
18:02 of 3rd period - Vladimir Sobotka is hit by Nathan Gerbe.
18:06 of 3rd period - Shot by Stephane Robidas.
18:06 of 3rd period - Shot Misses the Net.
18:08 of 3rd period - Shot by Pierre-Alexandr Parenteau.
18:08 of 3rd period - Stopped by Craig Anderson with a rebound.
18:31 of 3rd period - Minor Penalty to Mark Fistric for Hooking.
18:32 of 3rd period - Kyle Brodziak wins face-off versus Ryan Getzlaf in Flyers zone.
19:09 of 3rd period - Shot by Mark Giordano.
19:09 of 3rd period - Stopped by Craig Anderson without a rebound.
19:10 of 3rd period - John Tavares wins face-off versus Daniel Sedin in Flyers zone.
19:11 of 3rd period - Shot by Victor Hedman.
19:11 of 3rd period - Shot Misses the Net.
19:27 of 3rd period - Shot by Victor Hedman.
19:27 of 3rd period - Shot Misses the Net.
Goals for this period are 0 for Penguins vs 0 for Flyers.
Shots for this period are 18 for Penguins vs 3 for Flyers.

Overtime #1


0:01 of 1st overtime period - Daniel Sedin wins face-off versus Ryan Getzlaf in neutral zone.
1:46 of 1st overtime period - Shot by Daniel Sedin.
1:46 of 1st overtime period - Stopped by Marc-Andre Fleury without a rebound.
1:47 of 1st overtime period - Ryan Getzlaf wins face-off versus Kyle Brodziak in Penguins zone.
2:05 of 1st overtime period - Icing by Dan Boyle.
2:06 of 1st overtime period - Jeff Carter wins face-off versus Kyle Brodziak in Flyers zone.
2:58 of 1st overtime period - Ondrej Palat is hit by Daniel Sedin.
3:06 of 1st overtime period - Shot by Victor Hedman.
3:06 of 1st overtime period - Shot Misses the Net.
3:34 of 1st overtime period - Shot by Mike Ribeiro.
3:34 of 1st overtime period - Deflect By Kyle Brodziak.
3:34 of 1st overtime period - Stopped by Marc-Andre Fleury with a rebound.
4:53 of 1st overtime period - Shot by Olli Jokinen.
4:53 of 1st overtime period - Stopped by Marc-Andre Fleury without a rebound.
4:54 of 1st overtime period - Luke Glendening wins face-off versus Daniel Sedin in Penguins zone.
Goals for this period are 0 for Penguins vs 0 for Flyers.
Shots for this period are 0 for Penguins vs 3 for Flyers.

ShootOut


5:00 of 1st overtime period - Penalty Shot by Jeff Carter for Penguins.
5:00 of 1st overtime period - Goal by Jeff Carter.
5:00 of 1st overtime period - Penalty Shot by Mike Ribeiro for Flyers.
5:00 of 1st overtime period - Stopped by Marc-Andre Fleury.
5:00 of 1st overtime period - Penalty Shot by David Perron for Penguins.
5:00 of 1st overtime period - Shot Misses the Net.
5:00 of 1st overtime period - Penalty Shot by Kyle Brodziak for Flyers.
5:00 of 1st overtime period - Stopped by Marc-Andre Fleury.
5:00 of 1st overtime period - Penalty Shot by John Tavares for Penguins.
5:00 of 1st overtime period - Goal by John Tavares.


Output by the SimonT Hockey Simulator (STHS) for Stephane Roy -- Original Page W3C XHTML 1.0 Valid
Hockey Simulator - Hockey Simulation - Hockey Manager